 Dungeon Crawl Stone Soup version 0.19.1 (webtiles) character file.

95 LORDOFBUTT the Shield-Bearer (level 4, -11/35 HPs)
             Began as a Formicid Fighter on Dec 27, 2016.
             Mangled by Crazy Yiuf
             ... wielding a +4 quarterstaff of chaos
              (16 damage)
             ... on level 2 of the Dungeon.
             The game lasted 00:01:48 (1755 turns).

LORDOFBUTT the Shield-Bearer (Formicid Fighter)     Turns: 1755, Time: 00:01:49

Health: -11/35     AC:  0    Str: 20    XL:     4   Next: 95%
Magic:  4/4        EV: 17    Int:  8    God:
Gold:   106        SH:  0    Dex: 11    Spells: 0 memorised, 3 levels left

rFire  . . .     SeeInvis .     (weapon currently unavailable)
rCold  . . .     Gourm    .     (armour currently unavailable)
rNeg   . . .     Faith    .     (shield currently unavailable)
rPois  .         Spirit   .     (helmet unavailable)
rElec  .         Reflect  .     (cloak currently unavailable)
rCorr  .         Harm     .     (gloves currently unavailable)
MR     .....                    (boots currently unavailable)
Stlth  +.........               (amulet currently unavailable)
                                (ring currently unavailable)
                                (ring currently unavailable)

@: porcupine-form, drained, quick
A: permanent stasis, dig shafts and tunnels, four strong arms, (antennae 0)
a: no special abilities


You were on level 2 of the Dungeon.
You were not hungry.
You were a spiny porcupine.
You visited 1 branch of the dungeon, and saw 2 of its levels.

You collected 106 gold pieces.

Inventory:

Hand Weapons
 a - a +0 war axe (melded)
Armour
 b - a +0 scale mail (melded)
 c - a +0 shield (melded)
Jewellery
 e - a +5 ring of intelligence {unknown}
Scrolls
 i - a scroll of remove curse {unknown}
 k - 2 scrolls of fog {unknown}
 l - a scroll of immolation {unknown}
 n - a scroll of random uselessness {unknown}
 o - 4 scrolls of teleportation {unknown}
 p - a scroll of identify {unknown}
 t - a scroll of recharging {unknown}
Potions
 d - a potion of might
 g - a potion of cancellation {unknown}
 j - a potion of brilliance {unknown}
 q - a potion of flight {unknown}
 s - a potion of agility {unknown}
Comestibles
 f - a bread ration
 h - 2 slices of pizza
 m - 2 meat rations
 r - a chunk of flesh


   Skills:
 - Level 3.2(3.0) Fighting
 - Level 2.0(1.7) Axes
 - Level 3.2(3.0) Armour
 * Level 6.3(6.0) Shields


You had 3 spell levels left.
You didn't know any spells.

Dungeon Overview and Level Annotations

Branches:
Dungeon (2/15)

Altars:
Ashenzari
Kikubaaqudgha
Trog
Yredelemnul

Annotations:
D:2 Crazy Yiuf


Innate Abilities, Weirdness & Mutations

You are under a permanent stasis effect.
You can dig through walls and to a lower floor.
Your four strong arms can wield two-handed weapons with a shield.
((You have a pair of large antennae on your head. (SInv)))


Message History

Crazy Yiuf barely misses you.
You hit Crazy Yiuf but do no damage.
Crazy Yiuf is heavily wounded.
You block Crazy Yiuf's attack.
You hit Crazy Yiuf but do no damage.
Crazy Yiuf is heavily wounded.
Crazy Yiuf zaps a wand.
You turn into a spiny porcupine.
Your +0 war axe melds into your body.
Your +0 shield melds into your body.
Your +0 scale mail melds into your body.
You closely miss Crazy Yiuf.
Crazy Yiuf is heavily wounded.
Crazy Yiuf cries, "Leather!
Proton broken cower."
Crazy Yiuf hits you with a quarterstaff of chaos.
* * * LOW HITPOINT WARNING * * *
You feel drained.
You completely miss Crazy Yiuf.
Crazy Yiuf is heavily wounded.
Crazy Yiuf is struck by your spines.
Crazy Yiuf hits you with a quarterstaff of chaos!
You die...

............÷...........#
.#################..###.#
.# ######.## .# #...# .#
##### ##..######## .#
#)..# #.......).#
.########### #...#
##.#######.. ...........#
#.g.# #......#####
...........# #r#
##.###.#.... ...........#
♣.♣♣ #..#...#.###
...........# ♣♣.♣
##.......... ...........#
♣.♣♣ #...........
...........# ♣♣.♣
#..#####.... ...........#
♣♣.♣♣ #...........
############ ♣♣...♣
#...####.#.. ..# ♣....♣
#....###.... ..# #######
#....# #.#.........


You could see Crazy Yiuf.

Vanquished Creatures
  Terence (D:2)
  An adder (D:2)
  2 dart slugs (D:2)
  A leopard gecko (D:1)
  5 goblins
  7 hobgoblins
  13 jackals
  A ball python (D:2)
  5 bats (D:2)
  5 frilled lizards
  7 kobolds
  4 rats
52 creatures vanquished.

Notes
Turn   | Place    | Note
-------+----------+-------------------------------------------
     0 | D:1      | LORDOFBUTT the Formicid Fighter began the quest for the Orb.
     0 | D:1      | Reached XP level 1. HP: 18/18 MP: 1/1
   221 | D:1      | Reached skill level 4 in Shields
   233 | D:1      | Reached XP level 2. HP: 24/24 MP: 2/2
   403 | D:1      | Reached XP level 3. HP: 22/29 MP: 3/3
   518 | D:1      | Reached skill level 5 in Shields
   685 | D:2      | Noticed Terence
   699 | D:2      | Killed Terence
   699 | D:2      | Reached XP level 4. HP: 8/35 MP: 4/4
   987 | D:2      | Found an ancient bone altar of Kikubaaqudgha.
   987 | D:2      | Found a basalt altar of Yredelemnul.
  1018 | D:2      | Reached skill level 6 in Shields
  1237 | D:2      | Found a shattered altar of Ashenzari.
  1551 | D:2      | Found a bloodstained altar of Trog.
  1598 | D:2      | Found a runed door.
  1744 | D:2      | Noticed Crazy Yiuf
  1755 | D:2      | Mangled by Crazy Yiuf

Skill      XL: |  1  2  3  4 |
---------------+-------------+-----
Shields        | 4 5 6 |  6.3
Fighting       | |  3.2
Axes           | |  2.0
Armour         | |  3.2

Action                   |  1- 3 |  4- 6 || total
-------------------------+-------+-------++-------
Melee: War axe           |    78 |    87 ||   165
       Unarmed           |       |     2 ||     2
  Eat: Chunk             |       |     3 ||     3
Armor: Scale mail        |    42 |    41 ||    83
Dodge: Dodged            |    28 |    36 ||    64
Block: Shield            |    35 |    63 ||    98
